[Event "Titled Tuesday Blitz May 2 Late 2023"]
[White "Maatman, Nick"]
[Black "Kovacs, Klara"]
[WhiteFideId "1040391"]
[BlackFideId "733210"]
[WhiteElo "2346"]
[BlackElo "2179"]
[Result "1-0"]
[Round "01"]
[TimeControl "180+2"]
[Date "2023.05.02"]
[WhiteClock "0:00:00"]
[BlackClock "0:00:00"]

1. d4 e6 2. e4 Nf6 3. e5 Nd5 4. c4 Nb6 5. Nc3 d5 6. c5 N6d7 7. Rb1 b6 8. b4 a5 9. a3 Be7 10. f4 g5 11. fxg5 Bxg5 12. Qh5 Bxc1 13. Rxc1 axb4 14. axb4 bxc5 15. bxc5 Ba6 16. Nf3 Bxf1 17. Rxf1 Rg8 18. Qxh7 Rxg2 19. Nh4 Qg5 20. Qxf7+ Kd8 21. Nxg2 Qxc1+ 22. Nd1 Kc8 23. Qxe6 Ra1 24. Qg4 Qc3+ 25. Kf2 Qd2+ 26. Kg1 Kb7 27. Nde3 Rxf1+ 28. Nxf1 Nf8 29. Nxd2 1-0


[Site "https://www.chess.com"]

[Event "Titled Tuesday Blitz May 2 Late 2023"]
[White "Martins, Bruno Andre Leite"]
[Black "Guzman Moneo, Alberto"]
[WhiteFideId "1942255"]
[BlackFideId "2209616"]
[WhiteElo "2240"]
[BlackElo "2157"]
[Result "1-0"]
[Round "01"]
[TimeControl "180+2"]
[Date "2023.05.02"]
[WhiteClock "0:00:00"]
[BlackClock "0:00:00"]

1. Nf3 g6 2. g3 Bg7 3. Bg2 d6 4. O-O e5 5. c4 f5 6. d4 e4 7. Ng5 h6 8. Nh3 Be6 9. Nc3 Bf7 10. d5 Nf6 11. Nf4 O-O 12. f3 Re8 13. fxe4 fxe4 14. Qb3 Nbd7 15. Be3 b6 16. h3 Nc5 17. Qc2 a5 18. Bxc5 bxc5 19. Nxe4 g5 20. Nxf6+ Qxf6 21. Ne6 Qxb2 22. Qf5 Bxe6 23. dxe6 Rf8 24. Qg6 Rae8 25. Be4 Rf6 26. Rxf6 Qxf6 27. Qxe8+ Bf8 28. Qf7+ Qxf7 29. exf7+ Kxf7 30. Rf1+ Ke7 31. Bd5 Ke8 32. Rf5 Bg7 33. Bc6+ Kd8 34. g4 Be5 35. a4 Ke7 36. Kg2 Ke6 37. Kf3 Bd4 38. Ke4 Bc3 39. Bd5+ Ke7 40. Rf7+ Kd8 41. Kf5 Be5 42. Ke6 Ke8 43. Bc6+ 1-0


[Site "https://www.chess.com"]

[Event "Titled Tuesday Blitz May 2 Late 2023"]
[White "Arnold, Ken"]
[Black "Novik, Maxim"]
[WhiteFideId "2056836"]
[BlackFideId "4102924"]
[WhiteElo "2355"]
[BlackElo "2287"]
[Result "1-0"]
[Round "01"]
[TimeControl "180+2"]
[Date "2023.05.02"]
[WhiteClock "0:00:00"]
[BlackClock "0:00:00"]

1. d4 Nf6 2. c4 g6 3. Nf3 Bg7 4. g3 O-O 5. Bg2 d6 6. O-O Nbd7 7. Nc3 e5 8. dxe5 dxe5 9. Qc2 Re8 10. Rd1 c6 11. b3 e4 12. Ng5 h6 13. Nh3 Qe7 14. Bb2 Nf8 15. e3 Bg4 16. Rd2 g5 17. Kh1 Ng6 18. Ng1 h5 19. h3 Bf5 20. Rad1 g4 21. Nce2 Ne5 22. Bxe5 Qxe5 23. h4 a5 24. Nd4 Bc8 25. a4 Nd7 26. Nge2 Nc5 27. Nf4 Bh6 28. Nde2 Ra6 29. Kg1 Rb6 30. Rb1 Nd3 31. Nxd3 exd3 32. Rxd3 Bf5 33. Rbd1 Bxd3 34. Rxd3 Ra6 35. Qd2 Raa8 36. Nf4 Bxf4 37. gxf4 Qe7 38. Rd6 Rad8 39. c5 Rxd6 40. cxd6 Qxh4 41. Qd4 Rd8 42. e4 g3 43. e5 gxf2+ 44. Qxf2 Qxf2+ 45. Kxf2 Kg7 46. Ke3 h4 47. Bh3 b6 48. Kd4 b5 49. Kc5 bxa4 50. bxa4 Kf8 51. Kxc6 Rb8 52. d7 Ke7 53. Kc7 Rd8 54. Bg4 Rg8 55. f5 Rh8 56. f6+ 1-0


[Site "https://www.chess.com"]

[Event "Titled Tuesday Blitz May 2 Late 2023"]
[White "Mendez Fortes, Eduardo Jesus"]
[Black "Napoli, Nicolo"]
[WhiteFideId "3502376"]
[BlackFideId "813702"]
[WhiteElo "2307"]
[BlackElo "2308"]
[Result "1-0"]
[Round "01"]
[TimeControl "180+2"]
[Date "2023.05.02"]
[WhiteClock "0:00:00"]
[BlackClock "0:00:00"]

1. e4 d6 2. d4 Nf6 3. Nc3 g6 4. f4 Bg7 5. Nf3 c5 6. Bb5+ Nfd7 7. dxc5 dxc5 8. O-O O-O 9. e5 Nc6 10. Bxc6 bxc6 11. Be3 Qa5 12. Qd3 Nb6 13. Rfd1 Bf5 14. Qe2 Qb4 15. Rab1 Rad8 16. a3 Qc4 17. Qf2 Nd5 18. Bxc5 Nxc3 19. bxc3 Qxc3 20. Bxe7 Rxd1+ 21. Rxd1 Qxc2 22. Qxc2 Bxc2 23. Rc1 Re8 24. Rxc2 Rxe7 25. Rxc6 Rb7 26. Rc8+ Bf8 27. Nd4 Kg7 28. f5 gxf5 29. Nxf5+ Kg6 30. g4 Bg7 31. Rg8 f6 32. Rxg7+ Rxg7 33. Nxg7 Kxg7 34. exf6+ Kxf6 35. Kg2 Ke5 36. Kf3 a5 37. a4 Kd4 38. h4 Kc4 39. Ke4 Kb4 40. g5 Kxa4 41. h5 Kb4 42. g6 hxg6 43. h6 a4 44. h7 a3 45. h8=Q a2 46. Qa1 Kb3 47. Kf4 1-0


[Site "https://www.chess.com"]

[Event "Titled Tuesday Blitz May 2 Late 2023"]
[White "Jarocka, Liwia"]
[Black "Maze, Sebastien"]
[WhiteFideId "21807558"]
[BlackFideId "613762"]
[WhiteElo "2013"]
[BlackElo "2462"]
[Result "1-0"]
[Round "01"]
[TimeControl "180+2"]
[Date "2023.05.02"]
[WhiteClock "0:00:00"]
[BlackClock "0:00:00"]

1. c4 f5 2. Nc3 Nf6 3. g3 e5 4. Bg2 Bb4 5. Qc2 Bxc3 6. Qxc3 d6 7. d3 h6 8. e3 O-O 9. Ne2 Nc6 10. O-O Qe8 11. b3 Qh5 12. Re1 f4 13. exf4 Bh3 14. fxe5 dxe5 15. Bh1 Ng4 16. f4 Rae8 17. Ba3 Rf6 18. fxe5 Rf2 19. Nf4 Rxf4 20. gxf4 Qh4 21. Re2 Rd8 22. Bd5+ Kh7 23. d4 Qh5 24. Rae1 a5 25. Be4+ Kh8 26. d5 Nb4 27. Qg3 Rf8 28. f5 Re8 29. e6 Nf6 30. Bb2 Bxf5 31. Bxf5 Qxf5 32. Rf2 Qg5 33. Qxg5 hxg5 34. Bxf6 gxf6 35. Re3 Kg7 36. Kg2 Kg6 37. Ref3 f5 38. Rxf5 Nd3 39. Rf6+ Kh5 40. R2f5 Nf4+ 41. Rxf4 gxf4 42. Rxf4 c6 43. Rf7 cxd5 44. cxd5 Kg6 45. Rxb7 Kf6 46. Rd7 Ke5 47. e7 Kf6 48. d6 Rg8+ 49. Kf2 Ke6 50. Rd8 1-0


[Site "https://www.chess.com"]

[Event "Titled Tuesday Blitz May 2 Late 2023"]
[White "Manukyan, Sargis A."]
[Black "Onslow, Alfie"]
[WhiteFideId "13303970"]
[BlackFideId "436976"]
[WhiteElo "2187"]
[BlackElo "2114"]
[Result "1-0"]
[Round "01"]
[TimeControl "180+2"]
[Date "2023.05.02"]
[WhiteClock "0:00:00"]
[BlackClock "0:00:00"]

1. d4 Nf6 2. c4 c5 3. d5 b5 4. cxb5 a6 5. bxa6 g6 6. Nc3 Bg7 7. Nf3 O-O 8. g3 d6 9. Bg2 Nbd7 10. O-O Nb6 11. Nh4 Bxa6 12. Rb1 Qd7 13. b3 Rfc8 14. Qc2 c4 15. b4 Bb5 16. a3 Na4 17. Nxb5 Qxb5 18. e4 Nd7 19. Nf3 Nc3 20. Ra1 Na4 21. Be3 Bxa1 22. Rxa1 c3 23. Bf1 Qb7 24. h4 h5 25. Bd4 f6 26. e5 f5 27. exd6 exd6 28. Qe2 Qxd5 29. Qe7 Qf7 30. Qxd6 Nf8 31. Ng5 Qd7 32. Qf6 Qxd4 33. Qxd4 c2 34. Bc4+ 1-0


[Site "https://www.chess.com"]

[Event "Titled Tuesday Blitz May 2 Late 2023"]
[White "Buchenau, Frank"]
[Black "Tatarinov, Dmitry"]
[WhiteFideId "4604350"]
[BlackFideId "24160067"]
[WhiteElo "2157"]
[BlackElo "2326"]
[Result "0-1"]
[Round "01"]
[TimeControl "180+2"]
[Date "2023.05.02"]
[WhiteClock "0:00:00"]
[BlackClock "0:00:00"]

1. e4 c5 2. Nf3 d6 3. Bb5+ Nd7 4. O-O a6 5. Bd3 Ngf6 6. Re1 Ne5 7. Nxe5 dxe5 8. a4 e6 9. a5 Be7 10. b3 O-O 11. Bb2 Nd7 12. Bf1 Qc7 13. d3 Nb8 14. Nd2 Nc6 15. Nc4 Bd7 16. Qg4 Rad8 17. f4 Bf6 18. fxe5 Nxe5 19. Qg3 Nxc4 20. Qxc7 Nxb2 21. e5 Bg5 22. Reb1 Be3+ 23. Kh1 Bd4 24. Ra2 Bc6 25. Raxb2 Rd7 26. Qb6 Rc8 27. Ra2 Bxe5 28. Re1 Bc7 29. Qxc5 Bg3 30. Qe3 Bxe1 31. Qxe1 h5 32. Be2 Rdc7 33. Bxh5 g6 34. Bg4 Bd5 35. c4 Bc6 36. Qe3 Rd8 37. Bf3 Rcd7 38. Rd2 Rd4 39. b4 Bxf3 40. gxf3 R8d7 41. Kg2 Kg7 42. Qe5+ Kg8 43. Qe3 Kg7 44. b5 Kg8 45. Kf2 Kh7 46. Ke2 Rh4 47. Qf2 Rh5 48. bxa6 Rxa5 49. axb7 Rxb7 50. d4 Ra3 51. d5 exd5 52. cxd5 Re7+ 53. Kf1 Re5 54. d6 Ra1+ 55. Kg2 Rg5+ 56. Kh3 Rh5+ 57. Kg4 Ra4+ 58. f4 Ra3 59. Qg3 f5# 0-1


[Site "https://www.chess.com"]

[Event "Titled Tuesday Blitz May 2 Late 2023"]
[White "De Souza, Cristiano Gomes"]
[Black "Zarubitski, Viachaslau"]
[WhiteFideId "2151758"]
[BlackFideId "13509373"]
[WhiteElo "2068"]
[BlackElo "2284"]
[Result "0-1"]
[Round "01"]
[TimeControl "180+2"]
[Date "2023.05.02"]
[WhiteClock "0:00:00"]
[BlackClock "0:00:00"]

1. d4 Nf6 2. c4 Nc6 3. Nf3 e6 4. a3 g6 5. Nbd2 Bg7 6. e3 O-O 7. b3 d6 8. Bb2 e5 9. dxe5 Ng4 10. h3 Ngxe5 11. Nxe5 Nxe5 12. Qc1 Bf5 13. e4 Re8 14. Be2 Qg5 15. Kf1 Bd7 16. g3 f5 17. f4 Qxg3 18. fxe5 fxe4 19. Bf3 exf3 0-1


[Site "https://www.chess.com"]

[Event "Titled Tuesday Blitz May 2 Late 2023"]
[White "Bruedigam, Martin"]
[Black "Gelbenegger, Patrick"]
[WhiteFideId "24608033"]
[BlackFideId "1638220"]
[WhiteElo "2331"]
[BlackElo "2160"]
[Result "1-0"]
[Round "01"]
[TimeControl "180+2"]
[Date "2023.05.02"]
[WhiteClock "0:00:00"]
[BlackClock "0:00:00"]

1. d4 d5 2. c4 e6 3. Nc3 Nf6 4. cxd5 exd5 5. Bg5 c6 6. e3 Be7 7. Bd3 O-O 8. Qc2 Nbd7 9. h3 Re8 10. Nf3 Nf8 11. O-O Ne4 12. Bf4 f5 13. Rab1 a5 14. a3 Bd6 15. Bxd6 Nxd6 16. b4 axb4 17. axb4 b5 18. Ne5 Qb6 19. Ne2 Nc4 20. Bxf5 Nxe5 21. dxe5 Rxe5 22. Bxc8 Rxc8 23. Nd4 Ne6 24. Nxe6 Rxe6 25. Rfc1 d4 26. Qb3 Re8 27. exd4 Kh8 28. d5 Re2 29. Qf3 cxd5 30. Qxe2 Rxe2 31. Rc8+ Qd8 32. Rxd8+ Re8 33. Rxe8# 1-0


[Site "https://www.chess.com"]

[Event "Titled Tuesday Blitz May 2 Late 2023"]
[White "Gertler, David"]
[Black "Seemann, Jakub"]
[WhiteFideId "2017377"]
[BlackFideId "21874697"]
[WhiteElo "2218"]
[BlackElo "2364"]
[Result "1-0"]
[Round "01"]
[TimeControl "180+2"]
[Date "2023.05.02"]
[WhiteClock "0:00:00"]
[BlackClock "0:00:00"]

1. e4 e6 2. d4 d5 3. Nc3 Bb4 4. exd5 exd5 5. Qf3 Nf6 6. Bg5 O-O 7. Bxf6 Qxf6 8. Qxf6 gxf6 9. Bd3 c6 10. Ne2 Be6 11. O-O Nd7 12. Nd1 Nb6 13. Ng3 Rfe8 14. Nh5 Be7 15. Ne3 Nc8 16. f4 Nd6 17. f5 Bd7 18. Ng4 Red8 19. Rae1 Kf8 20. Nhxf6 Bxf6 21. Nxf6 Kg7 22. Nxd7 Rxd7 23. f6+ Kh8 24. Re5 Rg8 25. Rfe1 Rdd8 26. Rh5 Rg4 27. Re7 Rxd4 28. Rxh7+ Kg8 29. Rg7+ Kf8 30. Bh7 Rd1+ 31. Kf2 Ne4+ 32. Rxe4 1-0


[Site "https://www.chess.com"]

[Event "Titled Tuesday Blitz May 2 Late 2023"]
[White "Kim, Sergey"]
[Black "Ardila, Oscar Humberto"]
[WhiteFideId "13700570"]
[BlackFideId "4404742"]
[WhiteElo "2295"]
[BlackElo "1918"]
[Result "0-1"]
[Round "01"]
[TimeControl "180+2"]
[Date "2023.05.02"]
[WhiteClock "0:00:01"]
[BlackClock "0:00:00"]

1. d4 Nf6 2. c4 g6 3. Nc3 Bg7 4. e4 d6 5. Nge2 O-O 6. Ng3 Nbd7 7. Be2 c6 8. O-O e5 9. d5 cxd5 10. cxd5 h5 11. Bg5 Qb6 12. Qd2 Qd4 13. Qc1 Qb6 14. Be3 Qd8 15. f3 h4 16. Nh1 Nh5 17. Nb5 Nf4 18. Bxf4 exf4 19. Nxd6 Qb6+ 20. Nf2 Qxd6 21. Kh1 Nf6 22. Nd3 Nh5 23. Qe1 Qe7 24. Rf2 Bd4 25. Rf1 Ng3+ 0-1


[Site "https://www.chess.com"]

[Event "Titled Tuesday Blitz May 2 Late 2023"]
[White "Ng, Gary"]
[Black "Antonica, Dragos-Andrei"]
[WhiteFideId "2604914"]
[BlackFideId "1246372"]
[WhiteElo "2213"]
[BlackElo "2285"]
[Result "0-1"]
[Round "01"]
[TimeControl "180+2"]
[Date "2023.05.02"]
[WhiteClock "0:00:00"]
[BlackClock "0:00:00"]

1. d4 Nf6 2. Bf4 e6 3. e3 b6 4. Qf3 Nc6 5. Be2 Bb7 6. Qg3 Ne4 7. Qh3 f5 8. Bh5+ g6 9. Bxg6+ hxg6 10. Qxh8 Qe7 11. c3 O-O-O 12. Nf3 g5 13. Bg3 Bg7 14. Qh7 Rh8 15. Qg6 Rh6 16. Qxh6 Bxh6 17. h3 Nxg3 18. fxg3 Qd6 19. Kf2 Ne7 20. Nbd2 Nd5 21. Nc4 Qf8 22. a4 Nf6 23. a5 Ne4+ 24. Ke1 Nxg3 25. axb6 Nxh1 26. bxa7 Ba8 27. Nfe5 f4 28. e4 Bg7 29. Ra3 Bxe5 30. Nxe5 Qd6 31. Rb3 Bb7 32. Nc4 Qa6 33. Na3 Qxa7 34. Kf1 Ng3+ 35. Kf2 0-1


[Site "https://www.chess.com"]

[Event "Titled Tuesday Blitz May 2 Late 2023"]
[White "Msellek, Ilyass"]
[Black "Gabdushev, Ruslan"]
[WhiteFideId "675938"]
[BlackFideId "4137833"]
[WhiteElo "2302"]
[BlackElo "2233"]
[Result "1-0"]
[Round "01"]
[TimeControl "180+2"]
[Date "2023.05.02"]
[WhiteClock "0:00:28"]
[BlackClock "0:00:31"]

1. d4 Nc6 2. d5 Ne5 3. e4 Ng6 4. h4 e5 5. h5 N6e7 6. c4 d6 7. Nc3 g6 8. c5 dxc5 9. Nf3 f6 10. hxg6 Nxg6 11. Bb5+ Bd7 12. Be3 a6 13. Bxd7+ Qxd7 14. a4 Bd6 15. Nd2 f5 16. exf5 Qxf5 17. Nde4 Nf4 18. Bxf4 exf4 19. Rh5 Qg6 20. Rg5 Qh6 21. Qg4 Ne7 22. O-O-O Kf7 23. Rh5 Qg6 24. Rg5 Qh6 25. Re1 Rag8 26. Nxd6+ cxd6 27. Qxf4+ Qf6 28. Qxf6+ Kxf6 29. Ne4+ Kf7 30. Nxd6+ Kf8 31. Rge5 Ng6 32. Rf5+ Kg7 33. Rf7+ Kh6 34. Rh1+ Kg5 35. Ne4+ Kg4 36. f3# 1-0


[Site "https://www.chess.com"]

[Event "Titled Tuesday Blitz May 2 Late 2023"]
[White "Willathgamuwa, Kevin"]
[Black "Koziorowicz, Michal"]
[WhiteFideId "3214168"]
[BlackFideId "21809194"]
[WhiteElo "1962"]
[BlackElo "2255"]
[Result "0-1"]
[Round "01"]
[TimeControl "180+2"]
[Date "2023.05.02"]
[WhiteClock "0:00:00"]
[BlackClock "0:00:00"]

1. e4 c5 2. c3 g6 3. d4 cxd4 4. cxd4 Bg7 5. Nc3 d6 6. Nf3 Nc6 7. h3 Nf6 8. d5 Ne5 9. Nxe5 dxe5 10. Bb5+ Bd7 11. Bc4 O-O 12. O-O Rc8 13. Qe2 Ne8 14. Be3 Nd6 15. Bb3 b6 16. a4 Nb7 17. Nb5 Nc5 18. Bc2 Bxb5 19. axb5 Qd7 20. b4 Nb7 21. Rxa7 Rb8 22. Bxb6 Qd6 23. Ra6 Qxb4 24. Rb1 Qc3 25. Rb3 Qc8 26. Ba7 Ra8 27. Rc6 Qd7 28. Ra3 Nd6 29. Bd3 Rxa7 30. Rxa7 Qxa7 31. b6 Qa1+ 32. Kh2 f5 33. Rc7 fxe4 34. Bxe4 Qd4 35. b7 Qb6 36. Rxe7 Nxb7 37. Qc4 Nd6 38. Qc6 Qxc6 39. dxc6 Nxe4 40. c7 Nd6 41. Rd7 Nc8 42. Rd8 Bf6 0-1


[Site "https://www.chess.com"]

[Event "Titled Tuesday Blitz May 2 Late 2023"]
[White "Saveliev, Alexei"]
[Black "Rodriguez Santiago, Jaime"]
[WhiteFideId "24128546"]
[BlackFideId "3100898"]
[WhiteElo "2271"]
[BlackElo "2025"]
[Result "1-0"]
[Round "01"]
[TimeControl "180+2"]
[Date "2023.05.02"]
[WhiteClock "0:00:00"]
[BlackClock "0:00:00"]

1. c4 Nf6 2. Nc3 e6 3. e4 d5 4. e5 d4 5. exf6 dxc3 6. bxc3 Qxf6 7. d4 c5 8. Nf3 h6 9. Bd3 cxd4 10. cxd4 Bb4+ 11. Bd2 Bxd2+ 12. Qxd2 O-O 13. O-O Nc6 14. Be4 Rd8 15. Rfd1 Bd7 16. Rab1 Rab8 17. Qe3 Be8 18. d5 exd5 19. cxd5 Na5 20. Qxa7 Ra8 21. Qc5 b5 22. Bd3 Rac8 23. Qe3 Nc4 24. Qe2 g6 25. Be4 Nd6 26. Bc2 Rc5 27. Bb3 Rdc8 28. h3 Kg7 29. Ne5 Rc3 30. Ng4 Qg5 31. Ne3 Bd7 32. Qb2 Kh7 33. Kh1 Ne4 34. Qe2 Nxf2+ 35. Qxf2 Rxe3 36. Qxf7+ Kh8 37. Qxd7 Rf8 38. Rf1 Rfe8 39. d6 Re2 40. Qg4 Qe5 41. d7 1-0


[Site "https://www.chess.com"]

[Event "Titled Tuesday Blitz May 2 Late 2023"]
[White "Ansh M Shah"]
[Black "Ambartsumova, Karina"]
[WhiteFideId "25033379"]
[BlackFideId "4166299"]
[WhiteElo "2084"]
[BlackElo "2240"]
[Result "0-1"]
[Round "01"]
[TimeControl "180+2"]
[Date "2023.05.02"]
[WhiteClock "0:00:00"]
[BlackClock "0:00:01"]

1. d4 Nf6 2. c4 g6 3. h4 Bg7 4. Nc3 d6 5. e4 O-O 6. Be2 e5 7. d5 c6 8. h5 cxd5 9. cxd5 Qa5 10. Bd2 Na6 11. h6 Bh8 12. f3 Qb6 13. Qc1 Nc5 14. Be3 Bd7 15. Qd2 Rac8 16. Nh3 Nh5 17. O-O-O Ng3 18. Rhe1 Nxe2+ 19. Rxe2 Bb5 20. Nxb5 Nb3+ 21. Kb1 Nxd2+ 0-1


[Site "https://www.chess.com"]

[Event "Titled Tuesday Blitz May 2 Late 2023"]
[White "Plotnikov, Pavel"]
[Black "Tsyhanchuk, Stanislav"]
[WhiteFideId "4170342"]
[BlackFideId "13505130"]
[WhiteElo "2298"]
[BlackElo "2173"]
[Result "1-0"]
[Round "01"]
[TimeControl "180+2"]
[Date "2023.05.02"]
[WhiteClock "0:00:00"]
[BlackClock "0:00:00"]

1. d4 Nf6 2. c4 e6 3. Nc3 Bb4 4. e3 O-O 5. Bd3 b6 6. Ne2 Bb7 7. Qc2 d6 8. Bd2 Nbd7 9. O-O-O c5 10. a3 Bxc3 11. Bxc3 h6 12. Rhg1 Qc7 13. g4 cxd4 14. Nxd4 Nc5 15. g5 hxg5 16. Rxg5 Nxd3+ 17. Qxd3 Be4 18. Qe2 d5 19. Nb5 Qe7 20. Rdg1 Bg6 21. Bb4 Qd7 22. Bxf8 Rxf8 23. h4 Rc8 24. h5 Rxc4+ 25. Nc3 Ne4 26. hxg6 f6 27. Rh5 Qc6 28. Rgh1 Rxc3+ 29. bxc3 Qxc3+ 30. Kb1 Qb3+ 31. Qb2 Qd3+ 32. Qc2 Qb5+ 33. Ka1 Kf8 34. Rh8+ Ke7 35. Qc7+ Qd7 36. Qxd7+ Kxd7 37. Rg8 Kd6 38. Rxg7 Nxf2 39. Rh8 Nd3 40. Rd8+ Ke5 41. Rf7 Nc5 42. g7 Nb3+ 43. Kb2 Na5 44. g8=Q Nc4+ 45. Ka2 Nxe3 46. Qg3+ Ke4 47. Rxf6 Nc4 48. Rxe6+ Kd4 49. Qf2+ Kc3 50. Rxd5 a5 51. Qd4+ Kc2 52. Qxc4# 1-0


[Site "https://www.chess.com"]

[Event "Titled Tuesday Blitz May 2 Late 2023"]
[White "Romero Ruscalleda, Josep"]
[Black "Domingo Nunez, Ruben"]
[WhiteFideId "2231859"]
[BlackFideId "22245570"]
[WhiteElo "2183"]
[BlackElo "2404"]
[Result "0-1"]
[Round "01"]
[TimeControl "180+2"]
[Date "2023.05.02"]
[WhiteClock "0:00:00"]
[BlackClock "0:00:00"]

1. e4 e5 2. Nf3 d6 3. d4 exd4 4. Nxd4 Nf6 5. Nc3 Be7 6. Be2 O-O 7. O-O Re8 8. f4 Bf8 9. Bf3 c6 10. a4 a5 11. Be3 Qc7 12. g4 Bd7 13. g5 Nd5 14. Nxd5 cxd5 15. Qd3 dxe4 16. Bxe4 g6 17. Nb5 Bxb5 18. axb5 Nd7 19. Bd5 Nc5 20. Qc3 Qd7 21. Bd4 Qxb5 22. Bc4 Qd7 23. Bd5 Re2 24. Rf2 Rxf2 25. Bxf2 Qg4+ 26. Qg3 Qf5 27. Bc4 Qxc2 28. b3 Ne4 29. Qg2 Bg7 30. Re1 Nxf2 31. Qxf2 Qc3 32. Rd1 b5 33. Bd5 Re8 34. Qg2 Bd4+ 35. Kh1 Re1+ 36. Rxe1 Qxe1+ 37. Qf1 Qxf1# 0-1


[Site "https://www.chess.com"]

[Event "Titled Tuesday Blitz May 2 Late 2023"]
[White "Ismagilov, Damir"]
[Black "Jodorcovsky Werjivker, Paulo"]
[WhiteFideId "34199982"]
[BlackFideId "3700305"]
[WhiteElo "2078"]
[BlackElo "2120"]
[Result "0-1"]
[Round "01"]
[TimeControl "180+2"]
[Date "2023.05.02"]
[WhiteClock "0:00:00"]
[BlackClock "0:00:00"]

1. e4 e5 2. Nf3 Nc6 3. Nc3 Nf6 4. Bc4 Nxe4 5. O-O Nxc3 6. dxc3 Be7 7. Qd5 O-O 8. Nxe5 Nxe5 9. Qxe5 Bf6 10. Qe4 c6 11. Qf3 d5 12. Bd3 g6 13. Bh6 Re8 14. Rfe1 Be6 15. Rad1 Bh8 16. b3 Qh4 17. Bd2 Bg4 18. Qf4 g5 19. Bxh7+ Kg7 20. Qd4+ Kxh7 21. Qd3+ Kg8 22. Rc1 Bf6 23. h3 Bd7 24. Qf3 Kg7 25. c4 g4 26. hxg4 Rh8 27. Kf1 Bxg4 28. g3 Bxf3 29. gxh4 Rxh4 0-1


[Site "https://www.chess.com"]

[Event "Titled Tuesday Blitz May 2 Late 2023"]
[White "Wang, Alexander J"]
[Black "Kanakaris, Georgios"]
[WhiteFideId "30955270"]
[BlackFideId "4209460"]
[WhiteElo "1815"]
[BlackElo "2291"]
[Result "0-1"]
[Round "01"]
[TimeControl "180+2"]
[Date "2023.05.02"]
[WhiteClock "0:00:00"]
[BlackClock "0:00:00"]

1. e4 e6 2. d4 d5 3. e5 Bd7 4. c3 a6 5. f4 c5 6. Nf3 Nh6 7. Be2 Bb5 8. O-O Bxe2 9. Qxe2 Nc6 10. Be3 Qb6 11. Rd1 Ng4 12. b3 Nxe3 13. Qxe3 Rc8 14. Nbd2 cxd4 15. cxd4 Ba3 16. Rab1 Nb4 17. Nf1 O-O 18. f5 exf5 19. Qg5 Qg6 20. Qxg6 hxg6 21. Ne3 Rc3 22. Kf2 Rfc8 23. g3 Bc1 24. Nd2 Kf8 25. Ke2 Ba3 26. h3 Rd3 27. g4 f4 28. Ng2 g5 29. h4 Rc2 30. hxg5 f3+ 31. Kf2 fxg2 32. Kxg2 0-1


[Site "https://www.chess.com"]

[Event "Titled Tuesday Blitz May 2 Late 2023"]
[White "Grinev, Valeriy"]
[Black "Rose, Felix"]
[WhiteFideId "14117517"]
[BlackFideId "5105722"]
[WhiteElo "2366"]
[BlackElo "2039"]
[Result "1-0"]
[Round "01"]
[TimeControl "180+2"]
[Date "2023.05.02"]
[WhiteClock "0:00:00"]
[BlackClock "0:00:00"]

1. d4 Nf6 2. c4 e6 3. Nc3 d5 4. cxd5 exd5 5. Bg5 c6 6. e3 Be7 7. Bd3 Nbd7 8. Qc2 h6 9. Bh4 Nh5 10. Bxe7 Qxe7 11. Nge2 Nb6 12. O-O O-O 13. Rab1 a5 14. Rbe1 Bd7 15. Nc1 Rae8 16. f3 c5 17. dxc5 Qxc5 18. Nb3 Qb4 19. a3 Qh4 20. Nxa5 d4 21. Ne4 dxe3 22. g3 Qe7 23. Qc5 Qxc5 24. Nxc5 Bh3 25. Naxb7 Bxf1 26. Kxf1 Re7 27. Nd6 Rd8 28. Nf5 Rc7 29. b4 Nd5 30. Nxe3 Nxe3+ 31. Rxe3 Nf6 32. Bc4 Rd2 33. Rd3 Rxh2 34. g4 g6 35. a4 Kg7 36. a5 Re7 37. Ra3 Ree2 38. Bxe2 1-0


[Site "https://www.chess.com"]

[Event "Titled Tuesday Blitz May 2 Late 2023"]
[White "Smith, Shreyas"]
[Black "Jarmula, Lukasz"]
[WhiteFideId "7400713"]
[BlackFideId "1160664"]
[WhiteElo "2151"]
[BlackElo "2372"]
[Result "0-1"]
[Round "01"]
[TimeControl "180+2"]
[Date "2023.05.02"]
[WhiteClock "0:00:00"]
[BlackClock "0:00:01"]

1. e4 b6 2. d4 Bb7 3. Bd3 d6 4. Nf3 Nd7 5. O-O e5 6. Re1 Ngf6 7. Nc3 Be7 8. a4 a6 9. d5 O-O 10. a5 b5 11. b4 c6 12. dxc6 Bxc6 13. Bg5 Re8 14. Nh4 g6 15. g3 Nf8 16. Ng2 Ne6 17. Bxf6 Bxf6 18. Ne3 Nc7 19. Qf3 Bg5 20. h4 Bh6 21. Rad1 Qe7 22. Bf1 Rac8 23. Bh3 f5 24. Qe2 Bxe3 25. Qxe3 Rf8 26. Qb6 Ne6 27. Nd5 Bxd5 28. Rxd5 Nd4 29. Bg2 Rc6 30. Qxd4 exd4 31. Kf1 Rxc2 32. Rxd4 f4 0-1


[Site "https://www.chess.com"]

[Event "Titled Tuesday Blitz May 2 Late 2023"]
[White "Kjartansson, David"]
[Black "Kostiukov, Alexandr"]
[WhiteFideId "2301130"]
[BlackFideId "14108100"]
[WhiteElo "2333"]
[BlackElo "2202"]
[Result "1-0"]
[Round "01"]
[TimeControl "180+2"]
[Date "2023.05.02"]
[WhiteClock "0:00:00"]
[BlackClock "0:00:00"]

1. d4 g6 2. Nc3 Bg7 3. Bf4 d6 4. e3 e5 5. dxe5 dxe5 6. Qxd8+ Kxd8 7. O-O-O+ Nd7 8. Bg5+ f6 9. Bh4 Nh6 10. Nf3 Nf5 11. Nxe5 Nxh4 12. Nf7+ Ke8 13. Nxh8 Bxh8 14. Bc4 c6 15. g3 Nf3 16. Be2 Nde5 17. Ne4 Ke7 18. Nd2 Nxd2 19. Rxd2 Be6 20. f4 Ng4 21. Bxg4 Bxg4 22. e4 Rd8 23. Rxd8 Kxd8 24. Kd2 Ke7 25. Ke3 Be6 26. b3 Bg7 27. h3 h5 28. Kf3 f5 29. Rh2 a5 30. c4 Bd4 31. e5 c5 32. h4 a4 33. Ke2 axb3 34. axb3 b5 35. Kd3 b4 36. Ra2 Bd7 37. Ra6 Kf7 38. Rf6+ Kg7 39. Rd6 Be8 40. Rxd4 cxd4 41. Kxd4 1-0


[Site "https://www.chess.com"]

[Event "Titled Tuesday Blitz May 2 Late 2023"]
[White "Harish, Neeraj"]
[Black "Ezat, Mohamed"]
[WhiteFideId "30958130"]
[BlackFideId "10600906"]
[WhiteElo "1965"]
[BlackElo "2386"]
[Result "0-1"]
[Round "01"]
[TimeControl "180+2"]
[Date "2023.05.02"]
[WhiteClock "0:00:00"]
[BlackClock "0:00:00"]

1. e4 c6 2. d4 d5 3. e5 c5 4. Nf3 Bg4 5. dxc5 e6 6. Be3 Ne7 7. c3 Nec6 8. Bd4 Nd7 9. Bb5 Bxc5 10. O-O O-O 11. Bxc6 bxc6 12. Bxc5 Nxc5 13. Qd4 Bxf3 14. Qxc5 Qg5 15. g3 Qh6 16. h4 Rfc8 17. Na3 Be4 18. f3 Bd3 19. Rfd1 Be2 20. Re1 Bxf3 21. Qe3 Qxe3+ 22. Rxe3 Be4 23. c4 Rcb8 24. b3 a5 25. cxd5 cxd5 26. Rc1 a4 27. bxa4 Rxa4 28. Nb5 h5 29. Nd6 Bg6 30. Re2 Rba8 31. Ra1 Ra3 32. Kg2 R8a4 33. Rb2 Kh7 34. Rg1 Rxa2 0-1


[Site "https://www.chess.com"]

[Event "Titled Tuesday Blitz May 2 Late 2023"]
[White "Atanasov, Anthony"]
[Black "Kohler, Aran"]
[WhiteFideId "2623897"]
[BlackFideId "1002856"]
[WhiteElo "2326"]
[BlackElo "2010"]
[Result "1-0"]
[Round "01"]
[TimeControl "180+2"]
[Date "2023.05.02"]
[WhiteClock "0:00:00"]
[BlackClock "0:00:00"]

1. d4 d5 2. Bf4 Nf6 3. e3 a6 4. Nf3 c5 5. Nbd2 Nc6 6. c3 cxd4 7. exd4 e6 8. Bd3 Bd6 9. Ne5 Bxe5 10. dxe5 Nd7 11. Nf3 h6 12. h4 Qb6 13. Qe2 Nc5 14. Bb1 Bd7 15. Be3 a5 16. a4 Rc8 17. Qb5 Qxb5 18. axb5 Na7 19. b6 Nb5 20. Rxa5 Nb3 21. Ra2 O-O 22. Nd2 Nxd2 23. Kxd2 Ra8 24. Rxa8 Rxa8 25. Bd3 Ra2 26. Kc2 Bc6 27. Kb3 Ra8 28. Kb4 d4 29. cxd4 Ra2 30. Rb1 Na3 31. bxa3 Bd5 32. Bc4 Bxc4 33. Kxc4 Rxa3 34. Rb3 Ra6 35. Kc5 Kf8 36. Kd6 Ke8 37. d5 exd5 38. Rc3 Kd8 39. Rc7 Ra5 40. Rxf7 d4 41. Rf8# 1-0


[Site "https://www.chess.com"]